 Dungeon Crawl Stone Soup version 0.24-a0-507-g3e8b242632 (webtiles) character file.

Game seed: 3795218787825709044

178 Gynju the Conjurer (level 5, -3/38 HPs)
             Began as a Draconian Conjurer on July 19, 2019.
             Slain by Terence
             ... wielding a +0 flail
              (8 damage)
             ... on level 3 of the Dungeon.
             The game lasted 00:06:51 (3785 turns).

Gynju the Conjurer (Draconian Conjurer)             Turns: 3785, Time: 00:06:51

Health: -3/38      AC:  5    Str: 10    XL:     5   Next: 32%
Magic:  1/10       EV: 12    Int: 16    God:
Gold:   71         SH:  0    Dex: 12    Spells: 5/11 levels left

rFire    . . .     SeeInvis .   a - +0 spear
rCold    . . .     Gourm    .   (no shield)
rNeg     . . .     Faith    .   (armour unavailable)
rPois    .         Spirit   .   (helmet restricted)
rElec    .         Reflect  .   (no cloak)
rCorr    .         Harm     .   (no gloves)
MR       .....                  (no boots)
Stlth    ++........             (no amulet)
HPRegen  0.12/turn              (no ring)
MPRegen  0.12/turn              (no ring)

@: no status effects
A: unfitting armour, cold-blooded, AC +5
a: no special abilities


You were on level 3 of the Dungeon.
You were hungry.

You visited 1 branch of the dungeon, and saw 3 of its levels.

You collected 71 gold pieces.

Inventory:

Hand Weapons
 a - a +0 spear (weapon)
 b - a +3 hunting sling
Missiles
 f - 36 poisoned darts (quivered)
 k - 36 stones
 q - 2 datura-tipped darts
 t - 11 sling bullets
Jewellery
 h - a cursed amulet of guardian spirit {unknown}
 l - an uncursed ring of resist corrosion {unknown}
Scrolls
 c - 3 scrolls of teleportation {unknown}
 e - 3 scrolls of identify {unknown}
 i - 3 scrolls of remove curse {unknown}
 o - a scroll of blinking {unknown}
 s - a scroll of random uselessness {unknown}
Potions
 d - a potion of heal wounds {unknown}
 g - a potion of brilliance {unknown}
 n - a potion of resistance {unknown}
 p - a potion of lignification {unknown}
 r - 2 potions of curing {unknown}
Comestibles
 j - 4 rations
 m - a chunk of flesh


   Skills:
 - Level 1.7 Dodging
 - Level 1.7 Stealth
 + Level 3.7 Spellcasting
 + Level 5.3 Conjurations
 + Level 1.1 Hexes


You had 5 spell levels left.
You knew the following spells:

 Your Spells              Type           Power        Failure   Level  Hunger
a - Magic Dart            Conj           ###.         1%          1    None
b - Dazzling Spray        Conj/Hex       ##....       14%         3    ###....
c - Searing Ray           Conj           ###...       3%          2    ##.....

Your spell library contained the following spells:

 Spells                   Type           Power        Failure   Level  Hunger
 Iskenderun's Mystic Bla  Conj           ###.....     19%         4    ####...
 Fulminant Prism          Conj/Hex       ##........   41%         4    ####...
 Force Lance              Conj/Tloc      ##......     50%         4    ####...


Dungeon Overview and Level Annotations

Branches:
Dungeon (3/15)

Altars:

Annotations:
D:3 Robin, Terence


Innate Abilities, Weirdness & Mutations

Your plain brown scales are hard. (AC +5)
You cannot fit into any form of body armour.
You are cold-blooded and may be slowed by cold attacks.


Message History

You barely miss Terence.
Terence is severely wounded.
You barely miss Terence.
Terence is severely wounded.
Terence barely misses you.
You barely miss Terence.
Terence is severely wounded.
Terence closely misses you.
You hit Terence but do no damage.
Terence is severely wounded.
Terence hits you with a +0 flail.
* * * LOW HITPOINT WARNING * * *
You barely miss Terence.
Terence is severely wounded.
Terence misses you.
You hit Terence but do no damage.
You tail-slap Terence, but do no damage.
Terence is severely wounded.
Terence hits you with a +0 flail!
You die...

######...#..........
#.#.)........##
####..............
######.##...#)[........
#....#.##...#..<.)..###
#....#.##........#..##
##....#.##........#.....
#>......................
#..<...@@...............
####.....#.#.#.#.#.#####
#.###.#.#.#.#.#..#
#.###.#.....####.##
#.........#.# #..###
###.#.#...#...###.#..
#.#.#...#+###......
#.#................
###########.###........รท.....


You could see Terence.

Vanquished Creatures
  Ijyb (D:3)
  8 adders
  5 dart slugs
  2 leopard geckos
  3 orcs
  5 bats
  2 giant cockroaches
  8 goblins
  4 hobgoblins
  10 jackals
  A quokka (D:3)
  A ball python (D:2)
  10 frilled lizards
  4 kobolds
  5 rats
69 creatures vanquished.

Notes
Turn   | Place    | Note
-------+----------+-------------------------------------------
     0 | D:1      | Gynju the Draconian Conjurer began the quest for the Orb.
     0 | D:1      | Reached XP level 1. HP: 14/14 MP: 3/3
   735 | D:1      | Reached XP level 2. HP: 20/20 MP: 0/5
  1651 | D:2      | Reached XP level 3. HP: 18/26 MP: 1/7
  2284 | D:2      | Reached XP level 4. HP: 33/33 MP: 8/8
  2366 | D:2      | Reached skill level 5 in Conjurations
  2846 | D:3      | Noticed Robin
  2898 | D:3      | Learned a level 3 spell: Dazzling Spray
  2901 | D:3      | Learned a level 2 spell: Searing Ray
  3038 | D:3      | Noticed Ijyb
  3413 | D:3      | Reached XP level 5. HP: 38/38 MP: 5/10
  3445 | D:3      | Killed Ijyb
  3592 | D:3      | Reached skill level 1 in Hexes
  3719 | D:3      | Found a faded altar of an unknown god.
  3722 | D:3      | Noticed Terence
  3785 | D:3      | Slain by Terence

Levels and vault maps discovered:
D:1:      co_arrival_random_square_maze, layout_basic, minmay_misc_feat_tiny,
          minmay_lizard_king
D:2:      layout_rooms
D:3:      layout_basic, gammafunk_temple_overflow_statue, first_ration,
          chequers_ecumenical_altar_simple_redux, kennysheep_cross_bottleneck,
          uniq_robin, uniq_crazy_yiuf_cottage, uniq_ijyb, uniq_terence

Skill      XL: |  1  2  3  4  5 |
---------------+----------------+-----
Spellcasting   | 3 |  3.7
Conjurations   | 5 |  5.3
Hexes          | 1 |  1.1
Dodging        | |  1.7
Stealth        | |  1.7

Action                   |  1- 3 |  4- 6 || total
-------------------------+-------+-------++-------
Melee: Unarmed           |    14 |     3 ||    17
       Spear             |    47 |    35 ||    82
       Tailslap          |     7 |     2 ||     9
       Club              |     2 |       ||     2
 Fire: Hunting sling     |     2 |    70 ||    72
 Cast: Magic Dart        |    51 |    51 ||   102
       Dazzling Spray    |       |     4 ||     4
 Stab: Invisible         |       |     3 ||     3
  Eat: Chunk             |     4 |     5 ||     9
Armor: Skin              |    20 |    56 ||    76
Dodge: Dodged            |    59 |    61 ||   120

Table legend:
 A = Non-vault XP
 B = Vault XP
 C = Vault XP percentage of total XP
 D = Non-vault monster count
 E = Vault monster count
 F = Vault count percentage of total count
                 A         B        C        D         E       F
            +---------+---------+-------+---------+---------+-------
      Total |     206 |      49 |  19.2 |      57 |      12 |  17.4
            +---------+---------+-------+---------+---------+-------
        D:1 |      60 |      10 |  14.3 |      18 |       8 |  30.8
        D:2 |      78 |       2 |   2.5 |      24 |       1 |   4.0
        D:3 |      68 |      37 |  35.2 |      15 |       3 |  16.7
            +---------+---------+-------+---------+---------+-------
